 Dungeon Crawl Stone Soup version 0.30-a0-331-g8ab09dc110 (webtiles) character file.

Game seed: 4610202164681990553

133 Grendel1414 the Chopper (level 5, -1/38 (45) HPs)
             Began as a Hill Orc Reaver on Oct 29, 2022.
             Slain by Crazy Yiuf
             ... wielding a +3 quarterstaff of chaos
              (8 damage)
             ... on level 2 of the Dungeon.
             The game lasted 00:02:27 (1951 turns).

Grendel1414 the Chopper (Hill Orc Reaver)           Turns: 1951, Time: 00:02:28

HP:   -1/38 (45)    AC:  6    Str: 17    XL:     5   Next: 16%
MP:   6/7           EV: 11    Int: 13    God:
Gold: 90            SH:  0    Dex:  9    Spells: 6/7 levels left

rFire   . . .      SeeInvis .    a - +0 hand axe
rCold   . . .      Faith    .    (no shield)
rNeg    . . .      Spirit   .    b - +0 leather armour
rPois   .          Reflect  .    (no helmet)
rElec   .          Harm     .    (no cloak)
rCorr   .          Rampage  .    (no gloves)
Will    .....                    e - +2 pair of boots
Stlth   +.........               h - amulet of the acrobat
HPRegen 0.26/turn                (no ring)
MPRegen 0.10/turn                (no ring)

@: lethally poisoned (-1 -> -3), heavily drained
A: no striking features
a: no special abilities


You were on level 2 of the Dungeon.
You visited 1 branch of the dungeon, and saw 3 of its levels.

You collected 90 gold pieces.

Inventory:

Hand Weapons
 a - a +0 hand axe (weapon)
Armour
 b - a +0 leather armour (worn)
 e - a +2 pair of boots (worn)
Jewellery
 c - a ring of ice
 h - an amulet of the acrobat (around neck)
 k - a ring of wizardry
Scrolls
 f - a scroll of immolation {unknown}
 i - 2 scrolls of identify {unknown}
 j - a scroll of amnesia {unknown}
Potions
 d - 2 potions of curing {unknown}
 g - 2 potions of lignification {unknown}


   Skills:
 + Level 3.3 Fighting
 + Level 5.4 Axes
 + Level 1.4 Armour
 + Level 2.4 Dodging
 + Level 1.7 Spellcasting
 + Level 3.3 Conjurations


You had 6 spell levels left.
You knew the following spells:

 Your Spells              Type           Power      Damage    Failure   Level
a - Kiss of Death         Conj/Necr      20%        2d7       16%         1

Your spell library contained the following spells:

 Spells                   Type           Power      Damage    Failure   Level
 Momentum Strike          Conj/Tloc      10%        3d8       24%         2
 Ensorcelled Hibernation  Hex/Ice        2%         N/A       43%         2
 Passwall                 Tmut/Erth      0%         N/A       43%         2
 Hailstorm                Conj/Ice       5%         3d4       43%         3
 Swiftness                Air            1%         N/A       67%         3


Dungeon Overview and Level Annotations

Branches:
Dungeon (3/15)

Altars:

Shops:
D:1 !

Annotations:
D:2 Crazy Yiuf


Message History

Crazy Yiuf is moderately wounded.
Crazy Yiuf barely misses you.
You hit Crazy Yiuf.
Crazy Yiuf is heavily wounded.
Crazy Yiuf hits you with a +3 quarterstaff of chaos.
Crazy Yiuf freezes you.
You barely miss Crazy Yiuf.
Crazy Yiuf is heavily wounded.
Crazy Yiuf hits you with a +3 quarterstaff of chaos.
You are poisoned.
You closely miss Crazy Yiuf.
Crazy Yiuf is heavily wounded.
You feel sick.
Crazy Yiuf hits you with a +3 quarterstaff of chaos!
Crazy Yiuf burns you.
You hit Crazy Yiuf.
Crazy Yiuf is severely wounded.
You feel sick.
Crazy Yiuf screams, "Pitchfork sallow Xom!"
Crazy Yiuf hits you with a +3 quarterstaff of chaos.
Crazy Yiuf burns you.
You hit Crazy Yiuf but do no damage.
Crazy Yiuf is severely wounded.
You feel sick.
Crazy Yiuf hits you with a +3 quarterstaff of chaos!
* * * LOW HITPOINT WARNING * * *
Sorry, you're not good enough to have a special ability.
Casting: Kiss of Death (safe; 16% risk of failure)
Confirm with . or Enter, or press ? or * to list all spells.
You don't know that spell.
Casting: Kiss of Death (safe; 16% risk of failure)
Confirm with . or Enter, or press ? or * to list all spells.
Aiming: Kiss of Death (safe; 16% risk of failure)
Press: ? - help, Shift-Dir - straight line, f - Crazy Yiuf
Aim: Crazy Yiuf, wielding a +3 quarterstaff of chaos and wearing a +0 cloak (severely wounded, 100% to hit)
The negative energy hits Crazy Yiuf.
Crazy Yiuf is drained!
Crazy Yiuf is almost dead.
You feel drained.
You feel sick.
Crazy Yiuf hits you with a +3 quarterstaff of chaos!
You die...

.# ##.## .# #######..#
.### #.......##
...##### #########
.......##
........#######
.........#..#.### ###
.............#..##...#
............####@g...#
.........#.## ###..)#
...#....#### ###
###.....# .....<..#
#####...##############
##.......#.......#
####...............##
##...).รท.....(...####


You could see Crazy Yiuf (very drained).

Vanquished Creatures
  Natasha (twice) (D:2)
  3 adders (D:2)
  A worm (D:2)
  3 dart slugs
  7 ball pythons
  7 bats
  An endoplasm (D:1)
  3 giant cockroaches
  2 hobgoblins (D:1)
  4 jackals (D:2)
  2 quokkas (D:1)
  2 frilled lizards (D:1)
  4 goblins
  5 kobolds
  3 rats (D:1)
49 creatures vanquished.

Notes
Turn   | Place    | Note
-------+----------+-------------------------------------------
     0 | D:1      | Grendel1414 the Hill Orc Reaver began the quest for the
                  | Orb.
     0 | D:1      | Reached XP level 1. HP: 18/18 MP: 3/3
   346 | D:1      | Reached XP level 2. HP: 25/25 MP: 4/4
   672 | D:1      | Found Gisostu's Distillery.
   839 | D:1      | Reached XP level 3. HP: 28/30 MP: 5/5
  1119 | D:2      | Found a faded altar of an unknown god.
  1170 | D:2      | Noticed Natasha
  1203 | D:2      | Killed Natasha
  1204 | D:2      | Reached skill level 5 in Axes
  1204 | D:2      | Reached XP level 4. HP: 36/38 MP: 6/6
  1213 | D:2      | Reached skill level 1 in Armour
  1445 | D:2      | Found a runed translucent door.
  1446 | D:2      | Noticed Crazy Yiuf
  1562 | D:2      | Noticed Natasha
  1807 | D:2      | Killed Natasha
  1808 | D:2      | Reached XP level 5. HP: 32/45 MP: 7/7
  1951 | D:2      | Slain by Crazy Yiuf

Illustrated notes

Levels and vault maps discovered:
D:1:      kilobyte_arrival_exit_the_forest, layout_basic, serial_shops, shop,
          st_stairs_9
D:2:      layout_rooms, basic_ecumenical_altar, kennysheep_generic_room_12,
          uniq_natasha, uniq_crazy_yiuf_cottage
D:3:      layout_loops_ring, uniq_grinder, uniq_ijyb

Skill      XL: |  1  2  3  4 |
---------------+-------------+-----
Dodging        | 2 |  2.4
Fighting       | 3 |  3.3
Axes           | 5 |  5.4
Armour         | 1 |  1.4
Spellcasting   | |  1.7
Conjurations   | |  3.3

Action                   |  1- 3 |  4- 6 || total
-------------------------+-------+-------++-------
Melee: Hand axe          |   143 |    54 ||   197
 Cast: Kiss of Death     |       |     1 ||     1
  Use: Potion            |     1 |       ||     1
Armor: Leather armour    |    83 |    20 ||   103
Dodge: Dodged            |   134 |    53 ||   187

Table legend: (Time is in decaauts)
 A = Elapsed time spent in this place.
 B = Non-inter-level travel time spent in this place.
 C = Inter-level travel time spent in this place.
 D = Time resting spent in this place.
 E = Time spent auto-exploring this place.
 F = Levels seen in this place.
 G = Mean time per level.
                   A        B        C        D        E       F      G
               +--------+--------+--------+--------+--------+-----+--------+
         Total |   2006 |   1971 |     35 |    216 |   1356 |   3 |  668.7 |
       Dungeon |   2006 |   1971 |     35 |    216 |   1356 |   3 |  668.7 |
               +--------+--------+--------+--------+--------+-----+--------+

Top non-repeatable levels by time:
     D:1: 1008 daAuts
     D:2: 780 daAuts
     D:3: 217 daAuts
